Unix NetHack Version 5.0.0-0 post-release - last build Jun 10 2026 00:39:30 (3ee93aec679c4c4259841fe613dc97188e26a321,branch:main).

Game began 2026-06-11 08:27:14, ended 2026-06-11 09:22:43.

LDaviesPeters, neutral female human Archeologist

                      ---
                     --.--         ----               ---
      ----------------...-------  --.(--              |.
      |..........*.............----.<..|              |.
    ---...------------..------..--.[).--    -----     |.-
  ---.....|----..--.....|    --.......-------.|.--    |.|
  |...------...........--     ----*..^).).--.....-----|.|
  |...|   |............|         |.*......)....)......|.|#
  ---.|   |............|         --......--.......---...[--- --
    |.-----........*..-- ----     --...--|......|..||...............-
   --.................| --..|      |..-- |.....---.---.-------      -
  --..................--|...----   ----  --.^..--|.^...-----
  |....................--*.....|          |.....|-----.....-- --
  |............................--         ---...----.---.........`    ......-
  ---..--.......................|   ------  --....*..................*......|
    ----|...........---.....^...|   |....|---|........................|     |
        |.........>-- |.........|  --....|..--.....|.--.......-- -- ---
        |.........--  |........-|  |..@q%))......-----|.....---
        |.....--..|   ---..--...|  |..---........|    ----.--
        -----------     ------*--  ---- --.--.|..|        --
                             ---         ---------
LDaviesPeters the Field Worker  St:16 Dx:7 Co:15 In:16 Wi:14 Ch:9  Neutral
Dlvl:4  $:0  HP:0(35) Pw:25(25) AC:1  Xp:5 T:2022 

Latest messages:
 You lash the gray ooze.
 You kill the gray ooze!
 You fall into a pit!
 You are still in a pit.
 You are still in a pit.
 You crawl to the edge of the pit.
 What do you want to use or apply? [af-ipq or ?*] b
 You don't have that object.
 What do you want to use or apply? [af-ipq or ?*] <space>
 Never mind.
 The little dog doesn't seem to move!
 The little dog doesn't seem to move!
 The little dog doesn't seem to move!
 The little dog doesn't seem to move!
 The little dog doesn't seem to move!
 You hear some noises in the distance.
 It bites the rothe.
 The rothe misses it.
 The rothe bites it.
 The rothe bites it.
 You have a sad feeling for a moment, then it passes.
 You kill the rothe!
 What do you want to throw? [tyA or ?*] ?
 In what direction? 6
 The crude dagger hits the rothe.
 What do you want to throw? [ty or ?*] y
 In what direction? 6
 The mace misses the rothe.
 You miss the rothe.
 The rothe hits!
 The rothe bites!
 The rothe bites again!
 You lash the rothe.
 The rothe hits!
 The rothe just misses!
 The rothe bites!
 You miss the rothe.
 The rothe hits!
 The rothe bites!
 The rothe bites again!
 You miss the rothe.
 The rothe hits!
 The rothe misses!
 The rothe bites!
 You die...
 Do you want your possessions identified? [ynq] (y) y
 Do you want to see your attributes? [ynq] (y) y
 Do you want an account of creatures vanquished? [ynaq] (y) n
 Do you want to see your conduct and achievements? [ynq] (y) y
 Do you want to see the dungeon overview? [ynq] (y) n

Inventory:
 Weapons  (')')
  a - a +2 bullwhip (weapon in right hand)
  t - the +0 Frost Brand
 Armor    ('[')
  z - an uncursed +0 orcish helm (being worn)
  v - an uncursed +0 robe (being worn)
  E - an uncursed +0 dwarvish mithril-coat (being worn)
 Comestibles  ('%')
  d - 6 uncursed food rations
  G - an uncursed pancake
  j - a cursed tripe ration
 Tools    ('(')
  i - a magic marker (0:20)
  h - an uncursed magic whistle
  q - an uncursed pair of lenses
  p - a +0 pick-axe
  f - a tinning kit (0:75)
 Gems/Stones  ('*')
  r - an uncursed fluorite stone
  e - an uncursed jet stone
  K - an uncursed luckstone
  g - an uncursed touchstone

LDaviesPeters the Archeologist's attributes:

Background:
 You were a Field Worker, a level 5 female human Archeologist.
 You were neutral, nominally on a mission for Camaxtli
 who was opposed by Quetzalcoatl (lawful) and Huhetotl (chaotic).
 You were right-handed.
 You were in the Gnomish Mines, on level 4.
 You entered the dungeon 2022 turns ago.
 You had 195 experience points, 125 more were needed to attain level 6.

Basics:
 You had 0 out of 35 hit points.
 You had all 25 energy points (spell power).
 Your armor class was 1.
 Your wallet was empty.
 Autopickup was off.

Final Characteristics:
 Your strength was 16 (limit:18/100).
 Your dexterity was 7 (limit:18).
 Your constitution was 15 (limit:18).
 Your intelligence was 16 (limit:18).
 Your wisdom was 14 (limit:18).
 Your charisma was 9 (limit:18).

Final Status:
 You weren't hungry.
 You were unencumbered.
 You were wielding a whip.
 You had basic skill with whip.

Final Attributes:
 You were devoutly aligned.
 You had automatic searching.
 You were stealthy.
 You were guarded.
 Your spell casting was impaired by metallic armor, mitigated by your robe.
 You were lucky.
 You had extra luck.
 Bad luck did not time out for you.
 Good luck did not time out for you.
 You are dead.

Miscellaneous:
 You didn't encounter any bones levels.
 Total elapsed playing time was 31 minutes and 43 seconds.

Major events:
 Turn
    1: LDaviesPeters the neutral female human Archeologist entered the dungeon
  579: found Frost Brand in a shop
 1070: attained the rank of Field Worker (level 3)
 1142: entered the Gnomish Mines
 2022: killed by a rothe

Spells:
 Name                 Level Category     Fail Retention
 restore ability        4   healing      100%  76%-100%

Skills:
 Fighting Skills
   bare handed combat [Unskilled]
   two weapon combat  [Unskilled]
   riding             [Unskilled]
 Weapon Skills
   dagger             [Unskilled]
   knife              [Unskilled]
   pick-axe           [Basic]
   short sword        [Unskilled]
   saber              [Unskilled]
   club               [Unskilled]
   quarterstaff       [Unskilled]
   sling              [Unskilled]
   dart               [Unskilled]
   boomerang          [Unskilled]
   whip               [Basic]
   unicorn horn       [Unskilled]
 Spellcasting Skills
   attack spells      [Unskilled]
   healing spells     [Unskilled]
   divination spells  [Unskilled]
   matter spells      [Unskilled]

Voluntary challenges:
 Character rerolling was not enabled.
 You were an atheist.
 You never genocided any monsters.
 You never polymorphed an object.
 You never changed form.
 You used no wishes.
Achievements:
 You entered a shop.
 You attained the rank of Field Worker.
 You entered the Gnomish Mines.

 The Dungeons of Doom: levels 1 to 4
    Level 1:
       A sink.
    Level 2:
       A weapon shop.
    Level 3:
       A general store.
       Stairs down to The Gnomish Mines.
    Level 4:
 The Gnomish Mines: levels 4 to 5
    Level 4: <- You were here.
       Final resting place for
          you, killed by a rothe.
    Level 5:


Vanquished creatures:
  3 gnome leaders
  a gray ooze
  a little dog
  a floating eye
  3 dwarves
  a rothe
  a wererat
  a gas spore
  3 giant rats
  a cave spider
  7 gnomes
  2 jackals
  3 goblins
  a sewer rat
  4 grid bugs
  a bat
  2 lichens
  a kobold zombie
  2 newts
39 creatures vanquished.

No species were genocided or became extinct.

Game over:
                       ----------
                      /          \
                     /    REST    \
                    /      IN      \
                   /     PEACE      \
                  /                  \
                  |  LDaviesPeters   |
                  |       0 Au       |
                  |   killed by a    |
                  |      rothe       |
                  |                  |
                  |                  |
                  |       2026       |
                 *|     *  *  *      | *
        _________)/\\_//(\/(/\)/\//\/|_)_______

Goodbye LDaviesPeters the Archeologist...

You died in The Gnomish Mines on dungeon level 4 with 980 points,
and 0 pieces of gold, after 2022 moves.
You were level 5 with a maximum of 35 hit points when you died.

